 Dungeon Crawl Stone Soup version 0.31-a0-246-g8cbcc1cb85 (webtiles) character file.

Game seed: 16331731938729489428

82 qw the Shooter (level 4, -1/36 HPs)
             Began as a Minotaur Hexslinger on July 12, 2023.
             Slain by a gnoll
             ... wielding a +0 halberd
              (2 damage)
             ... on level 3 of the Dungeon.
             The game lasted 00:00:32 (1375 turns).

qw the Shooter (Minotaur Hexslinger)                Turns: 1375, Time: 00:00:32

Health: -1/36      AC:  3    Str: 13    XL:     4   Next: 21%
Magic:  4/4        EV: 12    Int: 10    God:
Gold:   90         SH:  0    Dex: 14    Spells: 4/5 levels left

rFire   . . .        Y - +1 sling (freeze)
rCold   . . .        (no shield)
rNeg    . . .        h - +0 leather armour
rPois   .            (helmet restricted)
rElec   .            (no cloak)
rCorr   .            (no gloves)
SInv    .            (no boots)
Will    .....        (no amulet)
Stlth   +            (no ring)
HPRegen 0.26/turn    (no ring)
MPRegen 0.09/turn

%: no passive effects
@: no status effects
A: horns 2, retaliatory headbutt
a: no special abilities


You were on level 3 of the Dungeon.
You visited 1 branch of the dungeon, and saw 3 of its levels.

You collected 90 gold pieces.


Innate Abilities, Weirdness & Mutations

You have a pair of horns on your head.
You reflexively headbutt those who attack you in melee.


   Skills:
 - Level 2.0 Fighting
 + Level 4.7 Ranged Weapons
 - Level 2.1 Dodging
 - Level 1.0 Spellcasting
 - Level 2.0 Hexes


You had 4 spell levels left.
You knew the following spells:

 Your Spells              Type           Power      Damage    Failure   Level
a - Slow                  Hex            16%        N/A       19%         1

Your spell library contained the following spells:

 Spells                   Type           Power      Damage    Failure   Level
 Inner Flame              Hex/Fire       2%         N/A       65%         3
 Portal Projectile        Hex/Tloc       4%         N/A       65%         3
 Cause Fear               Hex            2%         N/A       88%         4

Inventory:

Hand Weapons
 Y - a +1 sling of freezing (weapon)
Armour
 h - a +0 leather armour (worn)
Potions
 c - a potion of brilliance {unknown}
 e - a potion of magic {unknown}
 f - a potion of attraction {unknown}
 g - a potion of curing {unknown}
 i - a potion of haste {unknown}
 j - a potion of heal wounds {unknown}

Dungeon Overview and Level Annotations

Branches:
Dungeon (3/15)

Altars:

Shops:
D:1 =


Message History

The gnoll hits you from afar with a +0 halberd.
The gnoll hits you from afar with a +0 spear.
You shoot a sling bullet. The sling bullet hits the gnoll.
The sling bullet freezes the gnoll.
The gnoll is heavily wounded.
The gnoll barely misses you. The gnoll hits you with a +0 club!
The gnoll barely misses you.
You shoot a sling bullet. The sling bullet hits the gnoll.
The sling bullet freezes the gnoll.
The gnoll is almost dead.
The gnoll hits you from afar with a +0 spear.
The gnoll closely misses you. The gnoll misses you.
You shoot a sling bullet. The sling bullet hits the gnoll.
The sling bullet freezes the gnoll.
You kill the gnoll!
The gnoll hits you from afar with a +0 spear.
The gnoll closely misses you.
You have reached level 4!
You feel stronger.
You shoot a sling bullet. The sling bullet hits the gnoll!
The sling bullet freezes the gnoll.
You kill the gnoll!
The gnoll barely misses you.
You shoot a sling bullet.
The sling bullet barely misses the gnoll.
You hear a shout!
The gnoll hits you from afar with a +0 halberd!
A hobgoblin comes into view.
A kobold comes into view. It is wielding a +0 dagger.
The gnoll closely misses you.
You shoot a sling bullet. The sling bullet hits the gnoll.
The sling bullet freezes the gnoll.
The gnoll is heavily wounded.
The kobold throws a stone.
The stone closely misses you. The gnoll closely misses you.
You shoot a sling bullet.
The sling bullet closely misses the gnoll.
The sling bullet hits the hobgoblin.
The sling bullet freezes the hobgoblin.
The hobgoblin is almost dead.
The gnoll hits you from afar with a +0 halberd.
You die...

.. ....#####
........###
.....##.<.#####
..............####
....######..#....#
## ##.####@# #.#
#K# #.# #gg.g....
#.. ......... ...
.........g
.#..###...#$.. .
#. ...# .. ## #..
#... . ##..


You could see a gnoll, a hobgoblin and a kobold.

Vanquished Creatures
  3 gnolls (D:3)
  An adder (D:2)
  A dart slug (D:1)
  An orc (D:2)
  3 ball pythons
  4 endoplasms
  2 giant cockroaches
  A goblin (D:1)
  A hobgoblin (D:2)
  3 quokkas
  5 bats
  6 kobolds
  6 rats
37 creatures vanquished.

Notes
Turn   | Place    | Note
-------+----------+-------------------------------------------
     0 | D:1      | qw the Minotaur Hexslinger began the quest for the Orb.
     0 | D:1      | Reached XP level 1. HP: 16/16 MP: 1/1
     0 | D:1      | 0 ||| qw: Version: 0.3-a-52-g30416fa
     0 | D:1      | 0 ||| qw: Game counter: 6411
     0 | D:1      | 0 ||| qw: Melee chars always use a shield: true
     0 | D:1      | 0 ||| qw: God list: Okawaru
     0 | D:1      | 0 ||| qw: Allow faded altars: false
     0 | D:1      | 0 ||| qw: Do Orc after clearing Dungeon:15 true
     0 | D:1      | 0 ||| qw: Do second Lair branch before Depths: true
     0 | D:1      | 0 ||| qw: Lair rune preference: random
     0 | D:1      | 0 ||| qw: Goals: Normal
     0 | D:1      | 0 ||| PLANNING D:1-11
    53 | D:1      | Reached skill level 3 in Ranged Weapons
    80 | D:1      | Reached XP level 2. HP: 23/23 MP: 2/2
   421 | D:1      | Found Fiq Ulyt's Jewellery Emporium.
   438 | D:1      | 438 ||| SHOPLISTING amulet of regeneration (360 gold, have
                  | 40).
   438 | D:1      | 438 ||| SHOPLISTING ring "Qiunt" {rC+ Int+2} (434 gold,
                  | have 40).
   438 | D:1      | 438 ||| SHOPLISTING ring of ice (300 gold, have 40).
   438 | D:1      | 438 ||| SHOPLISTING ring of poison resistance (240 gold,
                  | have 40).
   438 | D:1      | 438 ||| SHOPLISTING ring of protection from fire (300 gold,
                  | have 40).
   510 | D:1      | 510 ||| UPGRADING to +0 leather armour.
   520 | D:1      | 520 ||| DROPPING +0 robe.
   521 | D:1      | 521 ||| READING scroll labelled YGIOCH GOROYROQA.
   522 | D:1      | 522 ||| READING scroll labelled SEMONO VYGE.
   568 | D:1      | 568 ||| DROPPING scroll of poison.
   716 | D:2      | Identified the +0 ring mail of the Forest {Dex+5 Slay-6}
   773 | D:2      | Reached XP level 3. HP: 24/29 MP: 3/3
   841 | D:2      | Found a faded altar of an unknown god.
  1156 | D:2      | Reached skill level 4 in Ranged Weapons
  1326 | D:2      | 1326 ||| DROPPING +0 ring mail of the Forest {Dex+5
                  | Slay-6}.
  1327 | D:2      | 1327 ||| READING scroll labelled VOECKE IXZE.
  1328 | D:2      | 1328 ||| DRINKING 2 bubbling blue potions.
  1329 | D:2      | 1329 ||| DROPPING potion of invisibility.
  1358 | D:3      | 1358 ||| Stepping ~*~*~tactically~*~*~ (outnumbered).
  1360 | D:3      | 1360 ||| Stepping ~*~*~tactically~*~*~ (outnumbered).
  1371 | D:3      | HP: 6/29 [gnoll/+0 spear (3)]
  1372 | D:3      | Reached XP level 4. HP: 7/36 MP: 4/4
  1373 | D:3      | HP: 1/36 [gnoll/+0 halberd (7)]
  1375 | D:3      | Slain by a gnoll

Levels and vault maps discovered:
D:1:      roderic_chinese_lattice_arrival, layout_basic, serial_shops, shop,
          minmay_misc_feat_five
D:2:      layout_loops_ring, ebering_ecumenical_altar_petrified
D:3:      cheibrodos_thug_alley, layout_rooms, solitary_fountain, st_stairs_14,
          uniq_ijyb

Skill      XL: |  1  2  3 |
---------------+----------+-----
Ranged Weapons | 3 4 |  4.7
Fighting       | 2 |  2.0
Dodging        | |  2.1
Spellcasting   | |  1.0
Hexes          | |  2.0

Action                     |  1- 3 |  4- 6 || total
---------------------------+-------+-------++-------
   Fire: Sling             |   110 |     4 ||   114
    Use: Scroll            |     3 |       ||     3
         Potion            |     1 |       ||     1
 Armour: Leather armour    |    16 |       ||    16
  Dodge: Dodged            |    31 |     4 ||    35

Table legend:
 A = Non-vault XP
 B = Vault XP
 C = Vault XP percentage of total XP
 D = Non-vault monster count
 E = Vault monster count
 F = Vault count percentage of total count
                 A         B        C        D         E       F
            +---------+---------+-------+---------+---------+-------
      Total |     118 |       0 |   0.0 |      37 |       0 |   0.0
            +---------+---------+-------+---------+---------+-------
        D:1 |      25 |       0 |   0.0 |      13 |       0 |   0.0
        D:2 |      48 |       0 |   0.0 |      21 |       0 |   0.0
        D:3 |      45 |       0 |   0.0 |       3 |       0 |   0.0
            +---------+---------+-------+---------+---------+-------
